 Dungeon Crawl Stone Soup version 0.31-a0-271-gb88eb75e06 (webtiles) character file.

Game seed: 13247925826647204139

1720417 Shard1697 the Draconian Blade (level 23, 199/204 HPs)
             Began as a Yellow Draconian Hedge Wizard on July 15, 2023.
             Was an Initiate of Gozag.
             Escaped with the Orb
             ... and 3 runes!
             The game lasted 02:07:47 (58649 turns).

Shard1697 the Draconian Blade (DrHW)               Turns: 58649, Time: 02:07:48

Health: 199/204    AC: 25    Str: 28    XL:     23   Next: 76%
Magic:  17/36      EV: 36    Int: 33    God:    Gozag
Gold:   2297       SH:  0    Dex: 31    Spells: 4/40 levels left

rFire   + . .        a - +8 great sword "Transmigrator" {heavy, *Corrode rF+ rC+ Int+9}
rCold   + + +        (shield currently unavailable)
rNeg    + . .        (body armour unavailable)
rPois   +            k - +2 hat
rElec   +            g - +2 cloak of the Goldsmith {rC+ Dex+2}
rCorr   +            X - +2 pair of gloves {Str+3}
SInv    .            W - +1 pair of boots of Urphes {Drain rN+ Str+4}
Will    +....        s - amulet of Vifubin {Faith rElec rC+ Regen+ Dex+6}
Stlth   ++           F - ring "Diusiod" {*Corrode rPois Str+6 Int+9 Dex+6}
HPRegen 1.34/turn    H - ring "Unwes" {rElec rC+ AC+4}
MPRegen 0.25/turn

%: corrode self (6%), faith
@: studying 2 skills
A: spit acid, AC +11, unfitting armour, acidic bite, cold-blooded, acid
resistance, deterioration 1, dopey 1
0: Orb of Zot
}: 3/15 runes: barnacled, silver, gossamer
a: Breathe Acid, Renounce Religion, Potion Petition, Call Merchant, Bribe Branch


You escaped.
You worshipped Gozag.
Gozag was most pleased with you.
You visited 8 branches of the dungeon, and saw 44 of its levels.
You also visited: Bailey, Gauntlet, Ice Cave and Volcano.

You collected 23101 gold pieces.
You spent 6983 gold pieces at shops.
You paid 13821 gold pieces to Gozag.

Inventory:

Hand Weapons
 a - the +8 great sword "Transmigrator" (weapon) {heavy, *Corrode rF+ rC+ Int+9}
   (You bought it in a shop on level 3 of the Dungeon)

   Int:       It affects your intelligence (+9).
   rF:        It protects you from fire.
   rC:        It protects you from cold.
   *Corrode:  It may corrode you when you take damage.
 b - a +6 scimitar of flaming
Armour
 g - the +2 cloak of the Goldsmith (worn) {rC+ Dex+2}
   (You found it on level 4 of the Dungeon)

   Dex:       It affects your dexterity (+2).
   rC:        It protects you from cold.
 j - a +2 pair of boots of flying
 k - a +2 hat (worn)
 W - the +1 pair of boots of Urphes (worn) {Drain rN+ Str+4}
   (You acquired it on level 2 of the Realm of Zot)

   Str:       It affects your strength (+4).
   rN:        It protects you from negative energy.
   Drain:     It drains your maximum health when unequipped.
 X - a +2 pair of gloves of strength (worn)
 Y - the +0 pair of gloves of Pride {rC+ MP+9 Dex+4}
   (You found it on level 4 of the Spider Nest)

   Dex:       It affects your dexterity (+4).
   rC:        It protects you from cold.
   MP:        It affects your magic capacity (+9).
Jewellery
 f - a +4 ring of protection
 r - an amulet of regeneration
 s - the amulet of Vifubin (around neck) {Faith rElec rC+ Regen+ Dex+6}
   (You found it on level 4 of the Shoals)

   [amulet of faith]

   It allows you to gain divine favour quickly.
   Dex:       It affects your dexterity (+6).
   rC:        It protects you from cold.
   rElec:     It insulates you from electricity.
   Regen:     It increases your rate of health regeneration.
 w - the ring of Pyromania {Fly rC+ Will+++ Dex+6 Slay-2}
   (You bought it in a shop on level 2 of the Orcish Mines)

   [ring of dexterity]

   Dex:       It affects your dexterity (+6).
   Slay:      It affects your accuracy & damage with ranged weapons and melee
   (-2).
   rC:        It protects you from cold.
   Fly:       It grants you flight.
   Will:      It greatly increases your willpower.
 F - the ring "Diusiod" (left hand) {*Corrode rPois Str+6 Int+9 Dex+6}
   (You acquired it on level 14 of the Dungeon)

   [ring of strength]

   Str:       It affects your strength (+6).
   Int:       It affects your intelligence (+9).
   Dex:       It affects your dexterity (+6).
   rPois:     It protects you from poison.
   *Corrode:  It may corrode you when you take damage.
 H - the ring "Unwes" (right hand) {rElec rC+ AC+4}
   (You found it on level 2 of the Spider Nest)

   [ring of protection]

   AC:        It affects your AC (+4).
   rC:        It protects you from cold.
   rElec:     It insulates you from electricity.
 M - a ring of flight
 Q - a ring of positive energy
 V - the necklace of Bloodlust {Fury *Rage Will++ Int-3 Slay+6}
   (You bought it in a shop on level 3 of the Spider Nest)

   [amulet of nothing]

   Fury:      It extends the wearer's berserk rage when killing foes.
   Int:       It affects your intelligence (-3).
   Slay:      It affects your accuracy & damage with ranged weapons and melee
   (+6).
   *Rage:     It berserks you when you make melee attacks (+50% chance).
   Will:      It greatly increases your willpower.
Wands
 x - a wand of charming (60)
 y - a wand of roots (20)
 C - a wand of mindburst (11)
 L - a wand of quicksilver (1)
 R - a wand of digging (5)
Scrolls
 h - 5 scrolls of amnesia
 l - 5 scrolls of poison
 m - 3 scrolls of fog
 o - 2 scrolls of silence
 t - 3 scrolls of enchant armour
 v - 3 scrolls of brand weapon
 A - 14 scrolls of teleportation
 G - 2 scrolls of fear
 N - 12 scrolls of identify
 O - a scroll of revelation
 S - a scroll of blinking
Potions
 c - 7 potions of magic
 d - 4 potions of might
 e - 16 potions of curing
 n - 8 potions of enlightenment
 p - 4 potions of lignification
 u - 8 potions of mutation
 B - 9 potions of brilliance
 E - 3 potions of resistance
 I - 4 potions of heal wounds
 J - 6 potions of invisibility
 K - 2 potions of haste
 T - 2 potions of berserk rage
Miscellaneous
 i - a phantom mirror
 q - a phial of floods
 P - a box of beasts


   Skills:
 - Level 16.9 Fighting
 + Level 24.8 Long Blades
 + Level 20.5 Dodging
 - Level 9.0 Stealth
 - Level 9.0 Spellcasting
 - Level 1.0 Conjurations
 - Level 5.9 Hexes
 - Level 13.9 Summonings
 - Level 13.9 Necromancy
 - Level 1.0 Translocations
 - Level 9.7 Evocations


You had 4 spell levels left.
You knew the following spells:

 Your Spells              Type           Power      Damage    Failure   Level
a - Summon Mana Viper     Hex/Summ       69%        N/A       1%          5
b - Call Imp              Summ           100%       N/A       0%          2
c - Blink                 Tloc           42%        N/A       3%          2
d - Passwall              Tmut/Erth      11%        N/A       4%          2
e - Borgnjor's Vile Clut  Necr/Erth      28%        N/A       4%          5
f - Haunt                 Necr/Summ      41%        N/A       9%          7
g - Summon Cactus Giant   Summ           41%        N/A       1%          6
t - Summon Hydra          Summ           41%        N/A       9%          7

Your spell library contained the following spells:

 Spells                   Type           Power      Damage    Failure   Level
 Magic Dart               Conj           84%        1d7       1%          1
 Slow                     Hex            100%       N/A       1%          1
 Cigotuvi's Dreadful Rot  Necr/Pois/Air  90%        N/A       1%          2
 Ensorcelled Hibernation  Hex/Ice        68%        N/A       1%          2
 Summon Guardian Golem    Hex/Summ       69%        N/A       1%          3
 Anguish                  Hex/Necr       34%        N/A       1%          4
 Dispel Undead            Necr           82%        3d27      1%          4
 Summon Lightning Spire   Summ/Air       57%        N/A       1%          4
 Foxfire                  Conj/Fire      72%        2x1d7     2%          1
 Inner Flame              Hex/Fire       34%        N/A       2%          3
 Freeze                   Ice            56%        1d7       3%          1
 Sandblast                Erth           28%        2d8       3%          1
 Searing Ray              Conj           42%        2d6       3%          2
 Poisonous Vapours        Pois/Air       28%        N/A       4%          2
 Scorch                   Fire           28%        2d6       4%          2
 Gell's Gravitas          Tloc           21%        N/A       6%          3
 Teleport Other           Tloc           21%        N/A       6%          3
 Hailstorm                Conj/Ice       18%        3d6       8%          3
 Stone Arrow              Conj/Erth      36%        3d9       8%          3
 Fulminant Prism          Conj/Hex       18%        3d11      8%          4
 Mephitic Cloud           Conj/Pois/Air  17%        N/A       9%          3
 Frozen Ramparts          Ice            28%        1d5       10%         3
 Ozocubu's Armour         Ice            14%        N/A       10%         3
 Swiftness                Air            14%        N/A       10%         3
 Flame Wave               Conj/Fire      18%        2d7       26%         4
 Sticky Flame             Conj/Fire      18%        2d4       26%         4
 Olgreb's Toxic Radiance  Pois           14%        N/A       30%         4
 Petrify                  Tmut/Erth      14%        N/A       30%         4
 Death Channel            Necr           41%        N/A       1%          6
 Summon Forest            Summ/Tloc      29%        N/A       4%          5
 Metabolic Englaciation   Hex/Ice        17%        N/A       26%         5
 Iskenderun's Battlesphe  Conj           21%        2d7       50%         5
 Fireball                 Conj/Fire      9%         3d6       56%         5
 Irradiate                Conj/Tmut      9%         3d14      56%         5
 Freezing Cloud           Conj/Ice/Air   8%         6-21      58%         5
 Alistair's Intoxication  Tmut/Pois      9%         N/A       65%         5
 Lee's Rapid Deconstruct  Erth           7%         3d6*      65%         5
 Spellforged Servitor     Conj/Summ      29%        N/A       77%         7
 Dispersal                Tloc           10%        N/A       97%         6
 Conjure Ball Lightning   Conj/Air       9%         3x3d6     98%         6
 Leda's Unmaking          Conj/Erth      9%         9d2       98%         6
 Starburst                Conj/Fire      9%         6d5       98%         6
 Eringya's Noxious Bog    Tmut/Pois      7%         4d6       99%         6
 Plasma Beam              Fire/Air       7%         2x1d17    99%         6
 Orb of Destruction       Conj           10%        9d6       100%        7
 Discord                  Hex            26%        N/A       100%        8
 Ignition                 Fire           7%         3d4       100%        8
 Lehudib's Crystal Spear  Conj/Erth      9%         10d4      100%        8
 Animate Armour           Summ/Erth      Unusable   N/A       N/A         4

Dungeon Overview and Level Annotations

Branches:
Dungeon (15/15)            Temple (0/1) D:5            Lair (5/5) D:10
 Shoals (4/4) Lair:2       Spider (4/4) Lair:3        Slime (0/5) Lair:4
    Orc (2/2) D:11            Elf (0/3) Orc:2        Vaults (5/5) D:13
  Crypt (0/3) Vaults:3     Depths (4/4) D:15            Zot (5/5) Depths:4
 Bailey (visited)           IceCv (visited)         Volcano (visited)
Gauntlet (visited)

Altars:
Ashenzari
Dithmenos
Elyvilon
Fedhas
Gozag
Hepliaklqana
Kikubaaqudgha
Nemelex Xobeh
Okawaru
Qazlal
Trog
Vehumet
Wu Jian
Yredelemnul
The Shining One
Jiyva

Shops:
D:1 ?   D:3 *   D:4 :   D:5 !   D:8 [   D:14 :   Orc:2 !(=*!   Shoals:3 *
Spider:3 !=   Vaults:4 (   Depths:3 ?

Portals:
Hell: Depths:1 Depths:2 Depths:3 Depths:4
Abyss: Depths:3
Pandemonium: Depths:1 Depths:3

Annotations:
D:6 3 runed translucent doors, MathMan16's ghost, novice DrSh
D:14 1 transporter, porpoise's ghost, journeyman TeHu
Lair:4 2 transporters, promet's ghost, journeyman DESu
Vaults:2 2 runed translucent doors, Feshunla's ghost, adept KoEn; Reyb's ghost, veteran DsGl
Vaults:5 Bai Suzhen; Boris


Innate Abilities, Weirdness & Mutations

You can spit globs of acid.
Your golden yellow scales are hard. (AC +11)
You cannot fit into any form of body armour.
You have acidic saliva.
You are cold-blooded and may be slowed by cold attacks.
You are resistant to acid. (rCorr)
Your body sometimes deteriorates upon taking damage.
You are dopey. (Int -2)


Message History

Your four-headed hydra bites the nameless horror!
You carve the nameless horror like a ham!!!
You destroy the nameless horror!
That felt strangely unrewarding.
The tentacled monstrosity is no longer covered in acid.
The tentacled monstrosity barely misses you.
The tentacled monstrosity misses you. x2
The tentacled monstrosity constricts you.
Send 'em back where they came from!
Your four-headed hydra disappears in a puff of smoke!
You chop the tentacled monstrosity into pieces!!!!
You kill the tentacled monstrosity!
You slice the nameless horror!!
You tail-slap the nameless horror, but do no damage.
The nameless horror is almost destroyed.
The nameless horror completely misses you.
You hit the nameless horror.
You destroy the nameless horror!
That felt strangely unrewarding.
You now have 2297 gold pieces (gained 45).
You see here a +0 whip.
HP restored.
An Orb Guardian comes into view.
You hit the Orb Guardian. You tail-slap the Orb Guardian.
The Orb Guardian is lightly wounded.
The Orb Guardian hits you!
You slice the Orb Guardian!!
You bite the Orb Guardian, but do no damage.
The Orb Guardian is heavily wounded.
The Orb Guardian closely misses you.
You closely miss the Orb Guardian.
The Orb Guardian is heavily wounded.
The Orb Guardian barely misses you. The Orb Guardian hits you!
You carve the Orb Guardian like a ham!!!
You kill the Orb Guardian!
No target in view!
There is an open door here.
Your magical contamination has completely faded away.
There is a staircase leading out of the dungeon here.
You have escaped!

.# #..........................[..
.# #.#.###...................####
.# #.#.##...............>###.# #
.###.#.##................# #.# #
............##+###'##....# #.####
#...........#§.§§§.≈####.###...##
#...........#§≈§§§≈≈#..........##
#...>...[...#§≈§§§≈≈#.##.###.#.##
#.......(.....§.@X§...##.##.###.#
...........##≈≈...≈≈####...## ##.
#.........###§≈.≈.≈§#...)...###..
#...........#§.≈≈≈§§########.#.##
#.........####+###§## ##..#
...............#...# ##.#
###.#.#.#####.##.### #.#
####...## #.##.#############.#
...)..## #.##.##..†.........#


You could see an Orb Guardian.

Vanquished Creatures
  An ancient lich (Zot:5)
  2 orbs of fire (Zot:5)
  Mara (Shoals:4)
  3 Killer Klowns (Zot:5)
  2 curse toes
  7 golden dragons
  the Enchantress (Depths:1)
  Arachne (Spider:4)
  A bone dragon (Depths:4)
  An electric golem (Zot:5)
  3 liches
  Jorgrun (D:13)
  8 Orb Guardians
  Mlioglotl (Shoals:4)
  4 tentacled monstrosities
  A Hell Sentinel (D:13)
  2 titans
  2 quicksilver dragons
  3 sphinxes
  Kirke (Shoals:1)
  2 Executioners
  A death cob (Zot:1)
  Polyphemus (Shoals:2)
  3 tengu reavers
  Aizul (Shoals:2)
  10 storm dragons
  4 fire giants
  10 frost giants
  6 vault wardens
  8 emperor scorpions
  2 ghost moths (Spider:4)
  Louise (D:15)
  A draconian scorcher (Zot:4)
  An iron dragon (Depths:4)
  3 draconian knights
  12 ironbound preservers
  A broodmother (Spider:4)
  3 formless jellyfish
  2 war gargoyles (Vaults:3)
  4 spriggan defenders
  5 stone giants
  4 green draconians
  14 very ugly things
  5 vampire knights
  9 ironbound thunderhulks
  4 black draconians
  The ghost of Icietuah the Convoker, a journeyman FeWn of Ru (Spider:3)
  A lorocyproca (D:7)
  3 yellow draconians
  2 red draconians
  6 dire elephants
  5 purple draconians
  9 white draconians
  15 spark wasps
  A deep elf death mage (Vaults:2)
  7 ettins
  3 fire dragons
  4 merfolk impalers
  A jiangshi (Depths:2)
  5 entropy weavers
  A merfolk javelineer (Shoals:4)
  Josephine (Shoals:1)
  4 great orbs of eyes
  7 yaktaur captains
  4 rakshasas
  Harold (D:11)
  2 radroaches (Spider:2)
  3 hydras
  2 merfolk avatars
  4 catoblepae
  A jorogumo (Spider:4)
  2 peacekeepers (Vaults:3)
  3 hell beasts
  8 ice dragons
  5 spriggan air magi
  8 vault guards
  15 centaur warriors
  An ogre mage (D:11)
  An alligator snapping turtle (Shoals:3)
  11 boulder beetles
  2 merfolk aquamancers
  A satyr (Shoals:3)
  2 two-headed ogres
  5 ironbound frosthearts
  5 dancing weapons (Depths:4)
  4 deep troll shamans
  An alligator (Lair:5)
  A death scarab (Spider:3)
  6 deep troll earth magi
  7 demonic crawlers
  8 death yaks
  3 spriggan berserkers
  3 vampire magi
  4 hell knights (Depths:4)
  4 skysharks
  2 sun demons
  A soul eater (Depths:4)
  A salamander mystic (Depths:4)
  4 sun moths
  8 pharaoh ants
  6 iron trolls
  10 sea snakes
  A quicksilver dragon simulacrum (Depths:4)
  A sea snake (shapeshifter) (D:14)
  24 deep trolls
  4 glowing orange brains
  2 phantasmal warriors
  An orb spider (Spider:4)
  10 ironbound convokers
  8 harpies
  23 lindwurms
  4 steelbarb worms
  3 deep elf pyromancers
  5 wizards
  34 ugly things
  A spriggan simulacrum (Depths:3)
  2 necromancers
  6 salamanders
  4 orc knights
  15 manticores
  A fire giant zombie (Depths:3)
  An oklob plant (Lair:5)
  A wolf spider (shapeshifter) (Depths:3)
  8 fauns (Shoals:3)
  22 wolf spiders
  14 elephants
  7 cyclopes
  A salamander (shapeshifter) (D:13)
  2 stone giant zombies (Vaults:1)
  7 moths of wrath
  5 water nymphs
  9 merfolk sirens
  A rust devil (Depths:1)
  A toenail golem (D:5)
  11 vault sentinels
  5 black mambas
  A smoke demon (Depths:3)
  2 gargoyles
  An unseen horror (D:11)
  2 hellions
  2 ice statues (IceCv)
  An orange demon (Depths:3)
  6 cane toads
  7 komodo dragons
  3 torpor snails
  4 rime drakes
  28 yaktaurs
  4 freezing wraiths
  A kobold demonologist (D:12)
  2 unseen horror zombies (D:9)
  6 ice devils
  A komodo dragon (shapeshifter) (D:15)
  2 red devils
  3 trolls
  2 hellwings
  2 polar bears
  13 merfolk
  5 wind drakes
  4 meliai
  15 tarantellas
  3 hornets
  8 snapping turtles
  Prince Ribbit (D:6)
  7 dream sheep
  8 blink frogs
  16 jumping spiders
  A stone giant simulacrum (Depths:2)
  30 slime creatures
  8 wyverns
  A shadow (D:11)
  3 spriggans
  Eustachio (D:4)
  6 wraiths
  22 culicivoras
  37 yaks
  3 vampires
  6 basilisks
  An ettin skeleton (Vaults:1)
  6 fire bats
  2 neqoxecs
  2 steam dragons
  7 hogs (Shoals:1)
  9 water elementals
  7 chaos spawn
  8 vampire mosquitoes
  A death yak simulacrum (IceCv)
  36 redbacks
  A harpy simulacrum (IceCv)
  An acid dragon (D:12)
  A warg (Orc:2)
  A glowing shapeshifter zombie (Depths:3)
  15 water moccasins
  Duvessa (D:5)
  2 hell hounds (D:15)
  2 floating eyes
  25 orc warriors
  An ice beast (D:6)
  3 boggarts (Vaults:1)
  23 wolves
  4 ogres
  A centaur (shapeshifter) (D:15)
  20 centaurs
  3 phantoms
  Blork the orc (D:4)
  3 kobold brigands
  12 nameless horrors
  A gnoll sergeant (D:11)
  8 bullfrogs
  A scorpion (D:6)
  A cane toad simulacrum (IceCv)
  2 necrophages (D:9)
  A two-headed ogre simulacrum (IceCv)
  Dowan (D:5)
  5 killer bees
  4 howler monkeys
  An elephant simulacrum (IceCv)
  4 electric eels
  3 centaur zombies (D:9)
  2 human zombies
  6 lava snakes (Volcano)
  A gnoll bouda (D:5)
  4 hounds
  3 jellies
  7 orc priests
  A sleepcap (D:6)
  Ijyb (D:4)
  Jessica (D:2)
  Natasha (thrice) (D:3)
  Terence (D:2)
  An iguana (D:5)
  10 orc wizards
  3 troll simulacra (IceCv)
  A polar bear simulacrum (IceCv)
  3 wolf simulacra (IceCv)
  4 mummies (D:9)
  10 gnolls
  7 adders
  2 naga simulacra (IceCv)
  A shadow imp (D:6)
  3 white imps
  2 ufetubi
  3 worms
  2 dart slugs
  41 orcs
  6 endoplasms
  5 giant cockroaches
  8 goblins
  7 hobgoblins
  9 jackals
  24 kobolds
  4 quokkas
  2 ball pythons
  9 bats
  2 frilled lizards
  6 rats
1356 creatures vanquished.

Vanquished Creatures (collateral kills)
  A dread lich (Zot:5)
  An ancient lich (Zot:5)
  A juggernaut (Depths:3)
  A golden dragon (Zot:4)
  A bone dragon (Depths:4)
  A walking earthen tome (Depths:3)
  A tentacled monstrosity (Zot:5)
  A lich (Depths:3)
  A quicksilver dragon (Depths:3)
  13 Orb Guardians (Zot:5)
  3 death cobs (Zot:5)
  A tengu reaver (Depths:3)
  2 sphinxes
  Gastronok (Lair:1)
  2 draconian monks
  A draconian knight (Zot:4)
  Donald (Shoals:1)
  2 frost giants
  A draconian scorcher (Zot:1)
  3 fire giants (Depths:3)
  A draconian stormcaller (Zot:4)
  A balrug (Zot:5)
  An emperor scorpion (Lair:3)
  A vault warden (Vaults:2)
  An ironbound preserver (Vaults:4)
  A formless jellyfish (Zot:5)
  2 reapers
  5 very ugly things
  A stone giant (Depths:1)
  A white draconian (Zot:2)
  4 purple draconians
  3 yellow draconians
  A minotaur (Gauntlet)
  2 black draconians
  4 dire elephants
  4 red draconians
  2 spark wasps (Depths:3)
  A jiangshi (Depths:3)
  4 merfolk impalers (Shoals:4)
  An ettin (Orc:2)
  An entropy weaver (Spider:2)
  A fire dragon (Depths:3)
  A yaktaur captain (Vaults:3)
  2 ice dragons
  2 hydras
  2 spriggan air magi
  An ironbound frostheart (Vaults:3)
  A merfolk avatar (Shoals:3)
  4 centaur warriors
  A boulder beetle (D:10)
  A jorogumo (Spider:4)
  A catoblepas (Shoals:2)
  A tengu warrior (D:14)
  A dancing weapon (Depths:4)
  Erica (D:10)
  5 death yaks
  4 deep troll earth magi
  2 satyrs (Shoals:4)
  A spriggan berserker (Depths:4)
  A hell knight (Depths:4)
  2 iron trolls
  2 skysharks
  A fire crab (Gauntlet)
  A sun moth (Spider:2)
  A salamander mystic (Volcano)
  2 cherubim (Zot:2)
  A sea snake (Shoals:4)
  A pharaoh ant (Spider:1)
  7 deep trolls
  14 orb spiders
  4 ironbound convokers
  A necromancer (Depths:3)
  A lindwurm (Vaults:3)
  8 harpies
  A harpy (shapeshifter) (Vaults:5)
  A steelbarb worm (Spider:2)
  2 wizards
  A phantasmal warrior (Depths:3)
  A deep elf pyromancer (D:14)
  5 nameless horrors
  A faun (Shoals:3)
  An orc sorcerer (Orc:1)
  4 ugly things
  3 salamanders (Volcano)
  3 manticores
  3 wolf spiders
  A cyclops (Shoals:4)
  4 elephants
  4 moths of wrath
  3 merfolk sirens (Shoals:4)
  2 black mambas (Lair:1)
  Joseph (D:8)
  An eye of devastation (Gauntlet)
  2 slime creatures (D:14)
  A water nymph (Shoals:4)
  2 cane toads
  3 unseen horrors (D:13)
  3 vault sentinels
  A kobold demonologist (D:10)
  An efreet (D:14)
  A rime drake (Lair:3)
  6 yaktaurs
  4 trolls
  2 merfolk (Shoals:4)
  2 meliai
  A queen bee (Gauntlet)
  2 hornets
  4 tarantellas
  2 wind drakes (Shoals:4)
  4 blink frogs (Lair:2)
  6 dream sheep
  A snapping turtle (Shoals:4)
  6 jumping spiders
  16 culicivoras
  2 wraiths
  4 spriggans
  3 water elementals
  2 wyverns
  Sigmund (D:2)
  19 yaks
  3 basilisks
  A basilisk (shapeshifter) (D:14)
  3 fire bats (Gauntlet)
  12 redbacks
  A death yak simulacrum (IceCv)
  2 vampire mosquitoes (D:11)
  3 water moccasins
  A floating eye (Gauntlet)
  A hell hound (D:15)
  2 ice beasts (D:7)
  6 orc warriors
  A boggart (Vaults:1)
  5 wolves
  8 centaurs
  A kobold brigand (D:7)
  A bullfrog (Lair:1)
  A two-headed ogre simulacrum (IceCv)
  12 killer bees
  A hound (D:7)
  4 orc priests
  8 orc wizards
  A troll simulacrum (IceCv)
  A naga simulacrum (IceCv)
  A white imp (D:7)
  An ufetubus (IceCv)
  18 orcs
  A bat (D:13)
  A jackal (D:4)
  8 kobolds
412 creatures vanquished.

Vanquished Creatures (others)
  A dread lich (Zot:5)
  An orb of fire (Zot:5)
  A Killer Klown (Zot:5)
  2 tentacled monstrosities
  3 Orb Guardians (Zot:5)
  A titan (Vaults:5)
  A tengu reaver (Vaults:5)
  A vault warden (Vaults:5)
  2 draconian knights
  A draconian annihilator (Zot:3)
  A very ugly thing (Depths:3)
  A stone giant (Vaults:5)
  2 purple draconians (Zot:1)
  2 black draconians
  A yellow draconian (Zot:1)
  A white draconian (Zot:4)
  A fire dragon (D:14)
  17 vault guards (Vaults:5)
  A deep troll shaman (Vaults:5)
  2 sun demons (Zot:5)
  An iron troll (Vaults:5)
  A necromancer (Vaults:5)
  A jumping spider (Spider:4)
  A centaur simulacrum (D:14)
  An orc warrior (Orc:2)
  An orc wizard (D:9)
  An orc (Orc:2)
  A spectral weapon (Vaults:5)
51 creatures vanquished.

Grand Total: 1819 creatures vanquished

Notes
Turn   | Place    | Note
-------+----------+-------------------------------------------
     0 | D:1      | Shard1697 the Draconian Hedge Wizard began the quest for
                  | the Orb.
     0 | D:1      | Reached XP level 1. HP: 14/14 MP: 4/4
     3 | D:1      | Found Xuolaggu's Magic Scroll Emporium.
   178 | D:1      | Reached XP level 2. HP: 18/20 MP: 1/6
   181 | D:1      | Learned a level 2 spell: Call Imp
   559 | D:1      | Reached XP level 3. HP: 23/26 MP: 7/7
  1267 | D:2      | Reached skill level 1 in Fighting
  1285 | D:2      | Reached XP level 4. HP: 23/36 MP: 8/8
  1404 | D:2      | Noticed Sigmund
  1497 | D:2      | Killed Sigmund
  1498 | D:2      | Reached skill level 5 in Fighting
  1498 | D:2      | Reached XP level 5. HP: 23/48 MP: 9/9
  1666 | D:2      | Noticed Terence
  1679 | D:2      | Killed Terence
  1886 | D:2      | Identified the +0 ring mail "Pocliliq" {rElec}
  1894 | D:2      | Noticed Jessica
  1902 | D:2      | Killed Jessica
  1903 | D:2      | Reached XP level 6. HP: 49/56 MP: 7/10
  2256 | D:3      | Found a white marble altar of Elyvilon.
  2261 | D:3      | Found Zedydghu's Assorted Antiques.
  2301 | D:3      | Found an opulent altar of Gozag.
  2316 | D:3      | Became a worshipper of Gozag Ym Sagoz the Greedy
  2403 | D:3      | Found a broken altar of Ashenzari.
  2683 | D:3      | Noticed a steam dragon
  2703 | D:3      | Killed a steam dragon
  2894 | D:3      | Found a hazy altar of Hepliaklqana.
  2914 | D:3      | Found a basalt altar of Yredelemnul.
  3083 | D:3      | Noticed Natasha
  3090 | D:3      | Killed Natasha
  3266 | D:3      | Noticed Natasha
  3280 | D:3      | Killed Natasha
  3384 | D:4      | Found Wipharot's Vocational Training.
  3447 | D:4      | Your scales start taking on a golden yellow colour.
  3447 | D:4      | Reached XP level 7. HP: 31/66 MP: 11/11
  3447 | D:4      | Gained mutation: You are resistant to acid. (rCorr) [Yellow
                  | Draconian growth]
  3591 | D:4      | Noticed Eustachio
  3638 | D:3      | Noticed Natasha
  3650 | D:3      | Killed Natasha
  3664 | D:3      | Bought a dazzling great sword for 310 gold pieces
  3664 | D:3      | Identified the +8 great sword "Transmigrator" {heavy,
                  | *Corrode rF+ rC+ Int+9} (You bought it in a shop on level 3
                  | of the Dungeon)
  3701 | D:4      | Reached skill level 1 in Long Blades
  3812 | D:4      | Killed Eustachio
  3813 | D:4      | Reached skill level 3 in Long Blades
  3853 | D:4      | Learned a level 5 spell: Summon Mana Viper
  3895 | D:4      | Noticed Ijyb
  3906 | D:4      | Killed Ijyb
  4052 | D:4      | Found a shadowy altar of Dithmenos.
  4075 | D:4      | Noticed Blork the orc
  4078 | D:4      | Killed Blork the orc
  4129 | D:4      | Identified the +2 cloak of the Goldsmith {rC+ Dex+2}
  4405 | D:5      | Entered Level 5 of the Dungeon
  4424 | D:5      | Reached skill level 1 in Hexes
  4494 | D:5      | Found Deda's Distillery.
  4502 | D:5      | Bought a potion of heal wounds for 50 gold pieces
  4502 | D:5      | Bought a potion of might for 40 gold pieces
  4505 | D:5      | Bought a potion of mutation for 80 gold pieces
  4513 | D:5      | Reached skill level 4 in Long Blades
  4561 | D:5      | Found a stormy altar of Qazlal.
  4561 | D:5      | Noticed an air elemental
  4565 | D:5      | Reached XP level 8. HP: 64/73 MP: 12/12
  4886 | D:5      | Noticed Dowan
  4886 | D:5      | Noticed Duvessa
  4896 | D:5      | Killed Duvessa
  4904 | D:5      | Killed Dowan
  4905 | D:5      | Reached skill level 5 in Long Blades
  5150 | D:5      | Found a staircase to the Ecumenical Temple.
  5165 | D:5      | Found a blossoming altar of Fedhas.
  5638 | D:6      | Noticed Prince Ribbit
  5654 | D:6      | Found a runed translucent gate.
  5662 | D:6      | Killed Prince Ribbit
  5663 | D:6      | Reached skill level 6 in Long Blades
  5663 | D:6      | Reached skill level 5 in Summonings
  5908 | D:6      | Found a runed translucent gate.
  5908 | D:6      | Found a runed translucent gate.
  5912 | D:6      | Noticed MathMan16's ghost (novice DrSh)
  5988 | D:6      | Reached XP level 9. HP: 74/79 MP: 13/13
  6311 | D:7      | Reached skill level 7 in Long Blades
  6351 | D:7      | Found a radiant altar of Vehumet.
  6584 | D:7      | Reached skill level 8 in Long Blades
  7059 | D:7      | Reached skill level 5 in Hexes
  7389 | D:8      | Reached skill level 9 in Long Blades
  7389 | D:8      | Reached XP level 10. HP: 77/86 MP: 14/14
  7509 | D:8      | Noticed Joseph
  7521 | D:8      | Killed Joseph
  7619 | D:8      | Found Meokliff's Antique Armour Emporium.
  7765 | D:8      | Found an ornate altar of the Wu Jian Council.
  8261 | D:8      | Identified the +10 mace "Kuassaj" {heavy, *Slow +Blink rF++
                  | SInv}
  8671 | D:9      | Noticed a two-headed ogre
  8735 | D:9      | Reached skill level 10 in Long Blades
  8824 | D:9      | Found an ancient bone altar of Kikubaaqudgha.
  9026 | D:9      | Reached skill level 11 in Long Blades
  9143 | D:9      | Reached XP level 11. HP: 70/92 MP: 10/15
  9169 | D:9      | Found a bloodstained altar of Trog.
  9191 | D:9      | Found a flagged portal.
  9198 | Bailey   | Entered a bailey
  9349 | Bailey   | Noticed an orc knight
  9359 | Bailey   | Killed an orc knight
  9546 | Bailey   | Identified the +6 trident of the Demagogue {speed, Str+4}
  9915 | D:9      | Killed a two-headed ogre
  9916 | D:9      | Reached skill level 12 in Long Blades
 10160 | D:10     | Entered Level 10 of the Dungeon
 10166 | D:10     | Got the Teachings on Helpful Graupel
 10200 | D:10     | Learned a level 6 spell: Summon Cactus Giant
 10257 | D:10     | Found a sparkling altar of Nemelex Xobeh.
 10302 | D:10     | Found an iron altar of Okawaru.
 10344 | D:10     | Reached skill level 5 in Dodging
 10537 | D:10     | Found a staircase to the Lair.
 10650 | D:10     | Identified the +0 pair of boots of Fortitude {rElec Stlth+}
 10709 | D:10     | Noticed a centaur warrior
 11162 | D:10     | HP: 4/92 [centaur warrior/+1 great sword of venom (10)]
 11495 | D:10     | Noticed a boulder beetle
 11503 | D:10     | Killed a boulder beetle
 11504 | D:10     | Reached skill level 13 in Long Blades
 11517 | D:10     | Killed a centaur warrior
 11922 | D:10     | Noticed Erica
 11931 | D:10     | Killed Erica
 12246 | D:11     | Noticed an eight-headed hydra
 12311 | Lair:1   | Entered Level 1 of the Lair of Beasts
 12483 | Lair:1   | Reached XP level 12. HP: 54/100 MP: 10/16
 12484 | Lair:1   | Noticed a catoblepas
 12761 | Lair:1   | Killed a catoblepas
 12762 | Lair:1   | Reached skill level 14 in Long Blades
 13026 | Lair:1   | Noticed a catoblepas
 13032 | Lair:1   | Killed a catoblepas
 13340 | Lair:1   | Noticed Gastronok
 13349 | Lair:1   | Killed Gastronok
 13961 | Lair:2   | Identified the +12 long sword of Geurata {heavy, rElec rC+
                  | Int+6}
 13981 | Lair:2   | Reached skill level 15 in Long Blades
 14286 | Lair:2   | Noticed a five-headed hydra
 14305 | Lair:2   | Killed a five-headed hydra
 14426 | Lair:2   | Reached XP level 13. HP: 98/105 MP: 14/17
 14584 | Lair:2   | You fall into a shaft and drop 1 floor!
 14673 | Lair:3   | Found a hole to the Spider Nest.
 14677 | Lair:3   | Reached skill level 10 in Dodging
 15336 | Lair:2   | Found a staircase to the Shoals.
 15873 | Lair:3   | Reached skill level 16 in Long Blades
 16773 | Lair:4   | Found a staircase to the Slime Pits.
 16773 | Lair:4   | Found a viscous altar of Jiyva.
 16812 | Lair:4   | Found a gate leading to a gauntlet.
 16821 | Gauntlet | Entered a Gauntlet
 16821 | Gauntlet | Found a large runed translucent door.
 16821 | Gauntlet | Found a large runed translucent door.
 16821 | Gauntlet | Found a large runed translucent door.
 16821 | Gauntlet | Found a large runed translucent door.
 16821 | Gauntlet | Found a transporter.
 16821 | Gauntlet | Found a large runed translucent door.
 16821 | Gauntlet | Found a large runed translucent door.
 16821 | Gauntlet | Found a large runed translucent door.
 16821 | Gauntlet | Found a large runed translucent door.
 16821 | Gauntlet | Found a runed translucent door.
 16821 | Gauntlet | Found a runed translucent gate.
 16821 | Gauntlet | Found a transporter.
 16821 | Gauntlet | Found a transporter.
 16821 | Gauntlet | Found a runed translucent gate.
 16821 | Gauntlet | Found a transporter.
 16826 | Gauntlet | Found a transporter.
 16833 | Gauntlet | Noticed a reaper
 16835 | Gauntlet | Found a transporter.
 16836 | Gauntlet | Found a transporter.
 16848 | Gauntlet | Found a transporter.
 16856 | Gauntlet | Found a transporter.
 16874 | Gauntlet | Found a transporter.
 16882 | Gauntlet | Found a transporter.
 16901 | Gauntlet | Found a transporter.
 16903 | Gauntlet | Found a large runed translucent door.
 16903 | Gauntlet | Found a large runed translucent door.
 16904 | Gauntlet | Found a large runed translucent door.
 16904 | Gauntlet | Found a large runed translucent door.
 16905 | Gauntlet | Found a large runed translucent door.
 16905 | Gauntlet | Found a large runed translucent door.
 16905 | Gauntlet | Found a large runed translucent door.
 16905 | Gauntlet | Found a large runed translucent door.
 16906 | Gauntlet | Found a runed translucent door.
 16980 | Gauntlet | Found a runed translucent gate.
 17231 | Gauntlet | Reached skill level 17 in Long Blades
 17231 | Gauntlet | Gained mutation: You have acidic saliva. [Yellow Draconian
                  | growth]
 17231 | Gauntlet | Reached XP level 14. HP: 77/118 MP: 10/18
 17926 | Lair:4   | Got the Thoughts on Peregrination and Fog
 18002 | Lair:4   | Found a bloodstained altar of Trog.
 18002 | Lair:4   | Noticed promet's ghost (journeyman DESu)
 18009 | Lair:4   | Found a transporter.
 18012 | Lair:4   | Found a transporter.
 18609 | Lair:5   | Entered Level 5 of the Lair of Beasts
 19135 | Lair:5   | Reached skill level 10 in Fighting
 19457 | Lair:5   | Reached XP level 15. HP: 120/126 MP: 13/19
 19459 | Lair:5   | Reached skill level 10 in Summonings
 20306 | Lair:5   | Reached skill level 18 in Long Blades
 20465 | Lair:5   | Identified the +7 trident of the Whale {antimagic, rC+ rN+}
 20967 | D:4      | Bought a manual of Evocations for 1040 gold pieces
 21044 | D:1      | Bought a scroll of identify for 20 gold pieces
 21044 | D:1      | Bought a scroll of revelation for 75 gold pieces
 21044 | D:1      | Bought a scroll of teleportation for 30 gold pieces
 21044 | D:1      | Bought a scroll of teleportation for 30 gold pieces
 21044 | D:1      | Bought a scroll of teleportation for 30 gold pieces
 21044 | D:1      | Bought a scroll of identify for 20 gold pieces
 21398 | D:11     | Reached skill level 1 in Evocations
 22138 | D:11     | Noticed Harold
 22145 | D:11     | Killed Harold
 22288 | D:11     | Found a staircase to the Orcish Mines.
 22570 | Orc:1    | Entered Level 1 of the Orcish Mines
 22893 | Orc:2    | Entered Level 2 of the Orcish Mines
 22895 | Orc:2    | Found a dark tunnel.
 22905 | Volcano  | Entered a volcano
 22938 | Volcano  | Reached skill level 5 in Evocations
 23036 | Volcano  | Found a radiant altar of Vehumet.
 24293 | Orc:2    | Found a staircase to the Elven Halls.
 24570 | Orc:2    | Found Buesoi's Distillery.
 24573 | Orc:2    | Bought a potion of curing for 36 gold pieces
 24573 | Orc:2    | Bought a potion of curing for 36 gold pieces
 24573 | Orc:2    | Bought a potion of heal wounds for 60 gold pieces
 24573 | Orc:2    | Bought 2 potions of curing for 72 gold pieces
 24573 | Orc:2    | Bought a potion of curing for 36 gold pieces
 24665 | Orc:2    | Found Nyrphor's Jewellery Shop.
 24665 | Orc:2    | Found Ruaroewu's General Store.
 24667 | Orc:2    | Found Qimeutuc's Distillery.
 24669 | Orc:2    | Found Ranwifig's Weapon Boutique.
 24674 | Orc:2    | Bought a scroll of blinking for 97 gold pieces
 24674 | Orc:2    | Bought a scroll of teleportation for 39 gold pieces
 24676 | Orc:2    | Bought a potion of invisibility for 128 gold pieces
 24676 | Orc:2    | Bought a potion of magic for 128 gold pieces
 24676 | Orc:2    | Bought a potion of heal wounds for 80 gold pieces
 24676 | Orc:2    | Bought 2 potions of might for 128 gold pieces
 24676 | Orc:2    | Bought a potion of curing for 48 gold pieces
 24676 | Orc:2    | Bought a potion of berserk rage for 80 gold pieces
 24676 | Orc:2    | Bought 2 potions of cancellation for 256 gold pieces
 24683 | Orc:2    | Bought the ring of Pyromania {Fly rC+ Will+++ Dex+6 Slay-2}
                  | for 932 gold pieces
 25201 | D:12     | Found a frozen archway.
 25220 | IceCv    | Entered an ice cave
 25496 | IceCv    | Reached XP level 16. HP: 123/137 MP: 9/20
 26282 | D:13     | Learned a level 7 spell: Summon Hydra
 26843 | D:13     | Noticed Jorgrun
 26852 | D:13     | Killed Jorgrun
 26853 | D:13     | Reached skill level 5 in Stealth
 27098 | D:13     | Reached skill level 19 in Long Blades
 27258 | D:13     | Found a gate to the Vaults.
 28106 | D:14     | Identified a scroll of acquirement
 28107 | D:14     | Acquired the ring "Diusiod" {*Corrode rPois Str+6 Int+9
                  | Dex+6}
 28476 | D:14     | Found a transporter.
 28569 | D:14     | Found Qecrot's Book Shop.
 28577 | D:14     | Bought the Spellbook of Chilly Assembling for 552 gold
                  | pieces
 28616 | D:14     | Noticed porpoise's ghost (journeyman TeHu)
 28679 | D:14     | Identified the +6 broad axe "Iddualer" {heavy, Drain rPois
                  | rF++}
 29162 | D:15     | Entered Level 15 of the Dungeon
 29409 | D:15     | Noticed Louise
 29423 | D:15     | Killed Louise
 29600 | D:15     | Found a staircase to the Depths.
 30574 | D:15     | Found an ornate altar of the Wu Jian Council.
 30952 | Spider:1 | Entered Level 1 of the Spider Nest
 31003 | Lair:3   | Reached skill level 20 in Long Blades
 32151 | Spider:2 | Reached XP level 17. HP: 133/135 MP: 15/22
 32408 | Spider:2 | Learned a level 2 spell: Blink
 32659 | Spider:2 | Acquired a +2 pair of gloves of strength
 32776 | Spider:2 | Acquired 616 gold pieces
 32778 | Spider:2 | Acquired 811 gold pieces
 33206 | Spider:2 | Reached skill level 5 in Spellcasting
 33571 | Spider:2 | Identified the ring "Unwes" {rElec rC+ AC+4}
 33857 | Spider:2 | Learned a level 2 spell: Passwall
 35398 | Spider:3 | Found a runed translucent door.
 35398 | Spider:3 | Noticed Icietuah's ghost (journeyman FeWn)
 35664 | Spider:3 | Killed Icietuah's ghost
 36327 | Spider:4 | Entered Level 4 of the Spider Nest
 36854 | Spider:3 | Bought a potion of mutation for 88 gold pieces
 36854 | Spider:3 | Bought 2 potions of mutation for 176 gold pieces
 36854 | Spider:3 | Bought a potion of might for 44 gold pieces
 36854 | Spider:3 | Bought a potion of invisibility for 88 gold pieces
 36854 | Spider:3 | Bought a potion of invisibility for 88 gold pieces
 36854 | Spider:3 | Bought a potion of curing for 33 gold pieces
 36854 | Spider:3 | Bought a potion of haste for 110 gold pieces
 36856 | Spider:3 | Bought the necklace of Bloodlust {Fury *Rage Will++ Int-3
                  | Slay+6} for 679 gold pieces
 36856 | Spider:3 | Found the necklace of Bloodlust {Fury *Rage Will++ Int-3
                  | Slay+6}
 37136 | Spider:4 | Noticed Arachne
 37211 | Spider:4 | Killed Arachne
 37212 | Spider:4 | Reached XP level 18. HP: 80/160 MP: 12/28
 37654 | Spider:4 | Reached skill level 15 in Dodging
 37895 | Spider:4 | Identified the +0 pair of gloves of Pride {rC+ MP+9 Dex+4}
 38287 | Spider:4 | Got a gossamer rune of Zot
 38452 | Shoals:1 | Entered Level 1 of the Shoals
 38882 | Shoals:1 | Noticed Donald
 38998 | Shoals:1 | Learned a level 5 spell: Borgnjor's Vile Clutch
 39000 | Shoals:1 | Noticed Kirke
 39097 | Shoals:1 | Killed Kirke
 39199 | Shoals:1 | Noticed Josephine
 39212 | Shoals:1 | Reached skill level 15 in Fighting
 39215 | Shoals:1 | Killed Josephine
 39750 | Shoals:1 | Killed Donald
 39997 | Shoals:2 | Noticed Aizul
 39998 | Shoals:2 | Reached skill level 1 in Necromancy
 40012 | Shoals:2 | Killed Aizul
 40432 | Shoals:2 | Noticed Polyphemus
 40455 | Shoals:2 | Killed Polyphemus
 40766 | Shoals:3 | Found Roohyl's Assorted Antiques.
 41420 | Shoals:3 | Bought a scroll of enchant armour for 187 gold pieces
 41420 | Shoals:3 | Bought a potion of haste for 250 gold pieces
 41420 | Shoals:3 | Bought a potion of heal wounds for 125 gold pieces
 41420 | Shoals:3 | Bought a scroll of teleportation for 75 gold pieces
 41420 | Shoals:3 | Bought a dented bone amulet for 125 gold pieces
 41571 | Shoals:3 | Reached skill level 5 in Necromancy
 42717 | Shoals:4 | Entered Level 4 of the Shoals
 43236 | Shoals:4 | Noticed Mlioglotl
 43282 | Shoals:4 | Paralysed by accursed screaming for 1 turns
 43285 | Shoals:4 | Killed Mlioglotl
 43711 | Shoals:4 | Reached XP level 19. HP: 107/170 MP: 19/31
 43932 | Shoals:4 | Identified the ring "Nam Qass" {Fire Will+}
 43977 | Shoals:4 | Noticed Mara
 43988 | Shoals:4 | Killed Mara
 44196 | Shoals:4 | Got a barnacled rune of Zot
 44219 | Shoals:4 | Identified the amulet of Vifubin {Faith rElec rC+ Regen+
                  | Dex+6}
 44476 | Vaults:1 | Entered Level 1 of the Vaults
 44620 | Vaults:1 | Reached skill level 10 in Necromancy
 45036 | Vaults:1 | Learned a level 7 spell: Haunt
 46474 | Vaults:2 | Reached XP level 20. HP: 177/178 MP: 28/33
 46753 | Vaults:2 | Found a large runed translucent door.
 46753 | Vaults:2 | Found a large runed translucent door.
 46753 | Vaults:2 | Noticed Reyb's ghost (veteran DsGl)
 46753 | Vaults:2 | Noticed Feshunla's ghost (adept KoEn)
 47746 | Vaults:3 | Found a staircase to the Crypt.
 47746 | Vaults:3 | Found an ancient bone altar of Kikubaaqudgha.
 47746 | Vaults:3 | Found a basalt altar of Yredelemnul.
 48377 | Vaults:3 | Identified the +9 short sword of Oggo {antimagic, rC- Int+5
                  | Dex-5}
 49609 | Vaults:4 | Found Mivi's Weapon Shop.
 50402 | Vaults:5 | Entered Level 5 of the Vaults
 50408 | Vaults:5 | Noticed Bai Suzhen
 50414 | Vaults:5 | Noticed a dread lich
 50417 | Vaults:5 | Got a silver rune of Zot
 50426 | Vaults:5 | Noticed Boris
 50430 | Vaults:5 | Noticed a golden dragon
 50664 | Depths:1 | Entered Level 1 of the Depths
 50709 | Depths:1 | Identified the +5 quarterstaff of Prudence {vamp, Int+4
                  | Dex+4}
 50877 | Depths:1 | You fall into a shaft and drop 1 floor!
 50907 | Depths:2 | Found a gateway to Hell.
 51094 | Depths:1 | Reached XP level 21. HP: 140/184 MP: 20/34
 51105 | Depths:1 | Paralysed by a sphinx for 2 turns
 51332 | Depths:1 | Noticed the Enchantress
 51349 | Depths:1 | Killed the Enchantress
 51856 | Depths:1 | Found a one-way gate leading to the halls of Pandemonium.
 52790 | Depths:3 | Paralysed by a vampire knight for 5 turns
 53519 | Depths:3 | Paralysed by a sphinx for 5 turns
 53675 | Depths:3 | Reached XP level 22. HP: 125/196 MP: 28/35
 53744 | Depths:3 | Paralysed by a floating eye for 2 turns
 53815 | Depths:3 | Noticed a juggernaut
 53816 | Depths:3 | Noticed a golden dragon
 53826 | Depths:3 | Noticed a golden dragon
 53993 | Depths:3 | Killed a juggernaut
 54022 | Depths:3 | Killed a golden dragon
 54183 | Depths:3 | Got Kust's Handbook of the Shot
 54197 | Depths:3 | Identified the +0 plate armour of Indemnity {rPois rN+}
 54306 | Depths:3 | Found a one-way gate to the infinite horrors of the Abyss.
 54419 | Depths:3 | Found Ciysyf's Magic Scroll Shoppe.
 54422 | Depths:3 | Killed a golden dragon
 54464 | Depths:3 | Bought a scroll of teleportation for 69 gold pieces
 54464 | Depths:3 | Bought a scroll of teleportation for 69 gold pieces
 54464 | Depths:3 | Bought a scroll of enchant weapon for 172 gold pieces
 54464 | Depths:3 | Bought a scroll of revelation for 172 gold pieces
 54588 | Depths:3 | Found a glowing golden altar of the Shining One.
 54637 | Depths:4 | Entered Level 4 of the Depths
 54887 | Depths:4 | Reached skill level 21 in Long Blades
 55310 | Depths:4 | Found a gate to the Realm of Zot.
 56163 | Zot:1    | Entered Level 1 of the Realm of Zot
 56179 | Zot:1    | Reached skill level 22 in Long Blades
 56198 | Zot:1    | Noticed a curse toe
 56316 | Zot:1    | Killed a curse toe
 56474 | Zot:2    | Noticed a golden dragon
 56487 | Zot:2    | Killed a golden dragon
 56490 | Zot:2    | Noticed a golden dragon
 56497 | Zot:2    | Killed a golden dragon
 56520 | Zot:2    | Acquired the +1 pair of boots of Urphes {Drain rN+ Str+4}
 56620 | Zot:5    | Entered Level 5 of the Realm of Zot
 56673 | Zot:4    | Noticed a golden dragon
 56680 | Zot:4    | Noticed a golden dragon
 56681 | Zot:4    | Killed a golden dragon
 56691 | Zot:3    | Killed a golden dragon
 56698 | Zot:3    | Reached skill level 23 in Long Blades
 56846 | Zot:4    | Reached XP level 23. HP: 139/204 MP: 17/36
 57244 | Zot:5    | Noticed a dread lich
 57250 | Zot:5    | Noticed a curse toe
 57254 | Zot:5    | Killed a dread lich
 57406 | Zot:5    | Killed a curse toe
 57505 | Zot:5    | Reached skill level 24 in Long Blades
 57515 | Zot:5    | Noticed a Killer Klown
 57527 | Zot:5    | Killed a Killer Klown
 57563 | Zot:5    | Noticed an ancient lich
 57578 | Zot:5    | Noticed an orb of fire
 57581 | Zot:5    | Noticed a Killer Klown
 57582 | Zot:5    | Noticed a dread lich
 57582 | Zot:5    | Paralysed by a dread lich for 2 turns
 57586 | Zot:5    | Killed a dread lich
 57589 | Zot:5    | Killed a Killer Klown
 57593 | Zot:5    | Paralysed by a formless jellyfish for 1 turns
 57612 | Zot:5    | Noticed a Killer Klown
 57613 | Zot:5    | Noticed an orb of fire
 57617 | Zot:5    | Gained mutation: Your body sometimes deteriorates upon
                  | taking damage. [an orb of fire]
 57618 | Zot:5    | Noticed an ancient lich
 57626 | Zot:5    | Killed a Killer Klown
 57628 | Zot:5    | Noticed a Killer Klown
 57629 | Zot:5    | Noticed an orb of fire
 57800 | Zot:5    | Gained mutation: You are dopey. (Int -2) [an orb of fire]
 57804 | Zot:5    | Killed an orb of fire
 57809 | Zot:5    | Killed an orb of fire
 57863 | Zot:5    | Killed a Killer Klown
 57890 | Zot:5    | Killed an ancient lich
 57961 | Zot:5    | Got the Orb of Zot
 58096 | Zot:2    | Noticed a seraph
 58649 | D:$      | Escaped with the Orb!

Illustrated notes

Levels and vault maps discovered:
D:1:      ncdulo_lavacross, layout_loops_ring, serial_shops, shop,
          minmay_misc_feat_nine_boxes
D:2:      layout_loops_ring, uniq_sigmund, uniq_jessica, uniq_terence
D:3:      layout_basic, mainiacjoe_overflow_alcove_4, grunt_gozag_breadcrumbs,
          evilmike_ruin_ashenzari, general_overflow_altar,
          lemuel_coloured_pillars_altar, serial_shops, shop_fountains,
          grunt_decor_cap, minmay_quadrilaterals, uniq_natasha
D:4:      layout_cave_pools, nicolae_dithmenos_the_darkroom,
          nicolae_shop_vocational, uniq_ijyb, uniq_blork_the_orc, uniq_eustachio
D:5:      layout_basic, nicolae_qazlal_style_of_elements,
          mainiacjoe_overflow_boulevard, minmay_temple_entry_slanted,
          serial_shops, shop, uniq_duvessa
D:6:      layout_cave_pools, gammafunk_ghost_necromancy, uniq_prince_ribbit1
D:7:      layout_basic, vehumet_crystals, minmay_bent
D:8:      layout_loops_cross, old_standard_altar, serial_shops,
          nicolae_shop_just_a_little_nook, minmay_sticks_and_stones
D:9:      layout_loops_cross, lemuel_mausoleum_altar_kikubaaqudgha, bloody_trog,
          enter_bailey_2, hangedman_abyss_or_decor_stagger,
          corexii_corridor_pit, uniq_joseph
D:10:     layout_stronghold, nemelex_spade_bored_becter,
          overflow_temple_1_default, david_lair_generic, nicolae_doodle_vault,
          uniq_erica
D:11:     hangedman_cross_cluster, layout_gridville, orc_0_dummy, uniq_harold
D:12:     layout_gridville, portal_ice_cave_entry_pillars_2
D:13:     layout_loops_ring, david_vaults_5, hangedman_batty, uniq_jorgrun
D:14:     layout_stronghold, gammafunk_ghost_mausoleum, serial_shops, shop,
          minmay_the_grid_2x2 [minmay_the_grid_medium_cups,
          minmay_the_grid_dragon_b, minmay_the_grid_minigrid_small_alt,
          minmay_the_grid_prize_trominoes]
D:15:     gammafunk_enter_depths_forms, layout_irregular_city, nicolae_wwwww,
          nzn_wu_jian_council_hall, uniq_louise
Lair:1:   layout_chaotic_city, nzn_random_ring, serial_bayou_shore_b,
          serial_bayou_shore_a, uniq_gastronok
Lair:2:   layout_chaotic_city, shoals_dummy_entry, grunt_megastairs_2
Lair:3:   layout_gridlike, nicolae_spider_entry_lesser_pyramids,
          serial_bayou_shore_b, serial_bayou_shore_b, serial_bayou_shore_b
Lair:4:   layout_layer_cave, slime_entry_1, gauntlet_entry_generic,
          gammafunk_ghost_wrathful_warriors
Lair:5:   grunt_lair_end_beastmaster, layout_loops_ring, minmay_shattered_shrine
Shoals:1: layout_shoals, nicolae_shoals_water_booths, uniq_kirke, uniq_donald,
          uniq_josephine
Shoals:2: layout_shoals, uniq_polyphemus, uniq_aizul
Shoals:3: layout_shoals, nicolae_shoals_nautilus_by_nature,
          nicolae_stop_n_shop_2
Shoals:4: shoals_end_grunt_ice, layout_shoals, uniq_mlioglotl, uniq_mara,
          uniq_nikola
Spider:1: layout_spider_delve
Spider:2: layout_cave_pods
Spider:3: layout_spider_delve, gammafunk_ghost_grave,
          nicolae_spider_some_kinda_spiderbox
Spider:4: johnstein_spider_rune_arachne_lair
Orc:1:    layout_caves
Orc:2:    st_orc_rangers, layout_caves, nicolae_volcano_entry_lava_flow,
          serial_shops, nicolae_shop_real_fake_doors
Vaults:1: nicolae_vaults_tetromino_L_2, nicolae_vaults_meeting,
          vaults_room_octagon, hangedman_vaults_hat,
          nicolae_vaults_little_squares_1, nicolae_vaults_alarming,
          nicolae_vaults_steering_wheel, vaults_standard_mumra_lines,
          nicolae_vaults_six-pack, nicolae_vaults_tetromino_Z_2,
          nicolae_vaults_cochlea, nicolae_vaults_big_ls, layout_vaults_omnibox
Vaults:2: advil_vaults_ghost_guards, vaults_room_stairs_pillars,
          nicolae_vaults_closet_pinwheel_1, nicolae_vaults_swerve,
          dpeg_vaults_monster_row, nicolae_vaults_offset_grid_hallway_4,
          nicolae_vaults_yaktaur_gun_rack, nicolae_vaults_bisected_exclaves,
          hangedman_vaults_cutoff, nicolae_vaults_little_squares_6,
          nicolae_vaults_house_3, nicolae_vaults_gold_heap,
          nicolae_vaults_tetromino_T_2, layout_vaults_omnicross
Vaults:3: nicolae_vaults_tetromino_L_1, nicolae_vaults_meiosis, v_misc_14,
          v_misc_16, nicolae_vaults_storage_closets_1,
          nicolae_vaults_mini_display_case, nicolae_vaults_tangram_1, v_misc_30,
          vaults_dpeg_hooks, v_misc_28, ontoclasm_vaults_bender,
          nicolae_vaults_frosty_reception, vaults_room_pool,
          nicolae_vaults_circle_grid_a, layout_vaults_ring,
          minmay_crypt_entry_necro_gods
Vaults:4: vaults_room_stairs_pillars, nicolae_vaults_trapezoid_lopsided_2,
          nicolae_vaults_network_barrier, nicolae_vaults_layer_cake_slice,
          v_misc_10, hangedman_vaults_cutoff, v_misc_9,
          nicolae_vaults_specimen_jars, layout_vaults_quadrants, serial_shops,
          shop_coins
Vaults:5: serial_shops, uniq_margery, uniq_boris, uniq_bai_suzhen
Depths:1: layout_cave_pools, columned_hall_lemuel, hell_entry,
          rand_demon_pan_entry_4, kennysheep_generic_room_16,
          serial_bayou_shore_b, uniq_enchantress
Depths:2: minmay_coctagon, layout_cave_pools, ziggurat_fallback, hell_entry,
          muffindrake_ghost_dual_entry, rand_demon_pan_entry_7,
          elyvilon_altar_1, minmay_staircase_statues
Depths:3: grunt_bent_corner, layout_cave_pools, serial_shops,
          nicolae_shop_tiny_waterfront, abyss_entry, hell_entry,
          grunt_pan_entry_zigzag, lemuel_round_altar
Depths:4: grunt_twist_and_shout, layout_gridville, grunt_mini_vestibule,
          abandoned_shop, nicolae_danse_macabre, infiniplex_staircase_pool_lava
Zot:1:    cheibrodos_zot_enchanting_chambers, layout_basic, door_vault,
          grunt_megastairs_1
Zot:2:    layout_cathedral_of_symmetry, st_stairs_4, lemuel_baited_zot_trap,
          nicolae_rock_paper_scissors
Zot:3:    layout_gridlike, gammafunk_ghost_cemetery
Zot:4:    layout_concentric_octagons, uniq_josephina
Zot:5:    layout_basic

Skill      XL: |  1  2  3  4  5  6  7  8  9 10 11 12 13 14 15 16 17 18 19 20 21 22 23 |
---------------+----------------------------------------------------------------------+-----
Summonings     | 2 3 5 6 7 9 10 11 12 13 | 13.9
Fighting       | 2 5 7 9 10 11 14 15 16 | 16.9
Long Blades    | 4 6 9 11 13 15 17 18 20 23 24 | 24.8
Hexes          | 1 3 5 |  5.9
Dodging        | 4 7 9 10 11 13 14 15 18 19 20 | 20.5
Evocations     | 7 9 |  9.7
Stealth        | 4 5 8 9 |  9.0
Spellcasting   | 7 8 9 |  9.0
Necromancy     | 7 13 | 13.9
Conjurations   | |  1.0
Translocations | |  1.0

Action                     |  1- 3 |  4- 6 |  7- 9 | 10-12 | 13-15 | 16-18 | 19-21 | 22-24 || total
---------------------------+-------+-------+-------+-------+-------+-------+-------+-------++-------
  Melee: Dagger            |    59 |       |       |       |       |       |       |       ||    59
         Tailslap          |    10 |    25 |    19 |    44 |    92 |   154 |   177 |   130 ||   651
         Spear             |    44 |       |       |       |       |       |       |       ||    44
         Dire flail        |    32 |   160 |    10 |       |       |       |       |       ||   202
         Punch             |     1 |       |       |       |       |       |       |       ||     1
         Great sword       |       |       |   185 |   301 |   558 |  1025 |   939 |   469 ||  3477
         Scimitar          |       |       |       |     5 |     4 |    16 |       |       ||    25
         Bite              |       |       |       |       |    58 |   142 |   163 |    72 ||   435
   Cast: Magic Dart        |    12 |       |       |       |       |       |       |       ||    12
         Call Imp          |     5 |     9 |     3 |       |       |       |       |       ||    17
         Summon Mana Viper |       |       |     6 |    39 |    41 |    83 |    16 |     2 ||   187
         Summon Cactus Gia |       |       |       |       |    21 |    76 |    17 |       ||   114
         Haunt             |       |       |       |       |       |       |     5 |       ||     5
         Summon Hydra      |       |       |       |       |       |       |    58 |    58 ||   116
         Blink             |       |       |       |       |       |       |       |     1 ||     1
 Invoke: Potion Petition   |       |       |       |     1 |       |       |       |       ||     1
         Call Merchant     |       |       |       |       |       |     2 |       |       ||     2
         Bribe Branch      |       |       |       |       |       |       |     1 |     3 ||     4
Ability: Breathe Acid      |       |       |     1 |     1 |     2 |       |       |       ||     4
  Evoke: Wand              |       |       |       |     5 |     1 |       |       |       ||     6
         Phial of floods   |       |       |       |       |       |       |       |     1 ||     1
    Use: Potion            |       |     2 |       |     5 |     2 |     8 |     1 |    20 ||    38
         Scroll            |       |       |    13 |     9 |     7 |    12 |     4 |    12 ||    57
   Stab: Sleeping          |     3 |     1 |     2 |     6 |    10 |    14 |    24 |     5 ||    65
         Distracted        |       |       |     4 |     5 |     8 |    35 |    24 |    23 ||    99
         Petrified         |       |       |       |       |     2 |     1 |       |       ||     3
 Armour: Skin              |    62 |    77 |   184 |   156 |   339 |   618 |   307 |   175 ||  1918
  Dodge: Dodged            |   103 |   129 |   257 |   312 |   808 |  1759 |  1455 |   875 ||  5698

Table legend: (Time is in decaauts)
 A = Elapsed time spent in this place.
 B = Non-inter-level travel time spent in this place.
 C = Inter-level travel time spent in this place.
 D = Time resting spent in this place.
 E = Time spent auto-exploring this place.
 F = Levels seen in this place.
 G = Mean time per level.
                   A        B        C        D        E       F      G
               +--------+--------+--------+--------+--------+-----+--------+
         Total |  59750 |  56359 |   3391 |   9211 |  32058 |  48 | 1244.8 |
       Dungeon |  20211 |  18524 |   1687 |   2197 |  11782 |  15 | 1347.4 |
          Lair |   8673 |   8116 |    557 |    999 |   5576 |   5 | 1734.6 |
        Shoals |   6202 |   6046 |    156 |   1457 |   3108 |   4 | 1550.5 |
   Spider Nest |   7076 |   6760 |    316 |   2142 |   2907 |   4 | 1769.0 |
  Orcish Mines |   1704 |   1601 |    103 |    263 |    953 |   2 |  852.0 |
        Vaults |   6029 |   5764 |    265 |    163 |   4124 |   5 | 1205.8 |
        Depths |   5704 |   5538 |    166 |   1145 |   2544 |   4 | 1426.0 |
           Zot |   1836 |   1698 |    138 |    359 |    157 |   5 |  367.2 |
        Bailey |    476 |    476 |      0 |     50 |    216 |   1 |  476.0 |
      Ice Cave |    712 |    712 |      0 |    182 |    234 |   1 |  712.0 |
       Volcano |    495 |    495 |      0 |     71 |    264 |   1 |  495.0 |
      Gauntlet |    629 |    629 |      0 |    183 |    191 |   1 |  629.0 |
               +--------+--------+--------+--------+--------+-----+--------+

Top non-repeatable levels by time:
Spider:2: 3125 daAuts
Depths:3: 2369 daAuts
  Lair:4: 1857 daAuts
Spider:4: 1837 daAuts
    D:11: 1831 daAuts
  Lair:1: 1818 daAuts
  Lair:5: 1803 daAuts
    D:10: 1753 daAuts
Vaults:3: 1733 daAuts
  Lair:3: 1722 daAuts
    D:15: 1676 daAuts
    D:13: 1669 daAuts
Vaults:1: 1630 daAuts
Shoals:4: 1612 daAuts
    D:14: 1608 daAuts
